 Dungeon Crawl Stone Soup version 0.25.0-3-gd7cc5688da (webtiles) character file.

Game seed: 10569008385912322434

496 grindst0ne the Ruffian (level 7, -1/61 HPs)
             Began as a Ghoul Monk on June 15, 2020.
             Slain by an orc warrior
             ... wielding a +0 battleaxe
              (19 damage)
             ... on level 6 of the Dungeon.
             The game lasted 00:03:53 (3279 turns).

grindst0ne the Ruffian (Ghoul Monk)                 Turns: 3279, Time: 00:03:54

Health: -1/61      AC: 11    Str: 17    XL:     7   Next: 15%
Magic:  6/6        EV:  7    Int:  5    God:
Gold:   237        SH:  4    Dex: 11    Spells: 6/6 levels left

rFire    . . .     SeeInvis .     - Unarmed
rCold    + . .     Gourm    .   j - +0 buckler
rNeg     + + +     Faith    .   e - +0 chain mail
rPois    ∞         Spirit   .   h - +1 helmet
rElec    .         Reflect  .   (no cloak)
rCorr    .         Harm     .   (no gloves)
MR       .....                  (no boots)
Stlth    ..........             (no amulet)
HPRegen  0.00/turn              (no ring)
MPRegen  0.10/turn              (no ring)

@: rotting
A: rotting body, claws 1, carnivore, cold resistance 1, negative energy
resistance 3, inhibited regeneration, torment resistance, unbreathing
a: no special abilities


You were on level 6 of the Dungeon.
You were hungry.

You visited 1 branch of the dungeon, and saw 6 of its levels.

You collected 237 gold pieces.

Inventory:

Missiles
 c - 9 boomerangs (quivered)
 l - a throwing net
Armour
 a - a +0 robe
 e - a +0 chain mail (worn)
 h - a +1 helmet (worn)
 j - a +0 buckler (worn)
Jewellery
 g - a +6 ring of intelligence {unknown}
Wands
 f - a wand of digging (4)
Scrolls
 d - 3 scrolls of teleportation {unknown}
 i - 2 scrolls of magic mapping {unknown}
 m - a scroll of fog {unknown}
 n - 3 scrolls of remove curse {unknown}
 o - 2 scrolls of amnesia {unknown}
 p - a scroll of identify {unknown}
Comestibles
 b - 5 rations
 q - 4 chunks of flesh


   Skills:
 + Level 5.2 Fighting
 + Level 3.1 Armour
 - Level 2.6 Dodging
 - Level 2.1 Stealth
 + Level 2.8 Shields
 + Level 5.2 Unarmed Combat


You had 6 spell levels left.
You didn't know any spells.
Your spell library was empty.

Dungeon Overview and Level Annotations

Branches:
Dungeon (7/15)
 Temple: D:4-7

Altars:
Qazlal
Beogh

Annotations:
D:3 3 runed translucent doors, Skimidon's ghost, amateur MiFi


Innate Abilities, Weirdness & Mutations

Your body is rotting away.
You thrive on raw meat.
You are immune to poison.
You have sharp fingernails.
You are carnivorous and can eat meat at any time.
Your flesh is cold resistant. (rC+)
You are immune to negative energy. (rN+++)
You do not regenerate when monsters are visible.
You are immune to unholy pain and torment.
You can survive without breathing.


Message History

The orc warrior is heavily wounded.
You scratch the orc warrior but do no damage.
The orc warrior is heavily wounded.
You block the orc warrior's attack.
You barely miss the orc warrior.
The orc warrior is heavily wounded.
The orc warrior closely misses you.
You closely miss the orc warrior.
The orc warrior is heavily wounded.
The orc warrior hits you with a +0 battleaxe.
* * * LOW HITPOINT WARNING * * *
You scratch the orc warrior but do no damage.
The orc warrior is heavily wounded.
You scratch the orc warrior.
The orc warrior is heavily wounded.
The orc warrior hits you but does no damage.
You closely miss the orc warrior.
The orc warrior is heavily wounded.
The orc warrior hits you with a +0 battleaxe!!
You die...

#......#########.#####
#........()).....#
##........########
#....)...# ####.....#
#.#####.....#
#........######
#............[#
#.......@.....#
#.####..o.....# #
#........# +........'.
#........## #....?...#
#........# ##########


You could see an orc warrior.

Vanquished Creatures
  Edmund (D:6)
  An ice beast (D:6)
  2 crimson imps (D:6)
  2 orc priests
  4 gnolls (D:2)
  7 adders
  6 orcs
  2 ball pythons
  6 giant cockroaches
  9 goblins
  5 hobgoblins
  4 quokkas (D:2)
  5 bats
  A frilled lizard (D:2)
  3 kobolds
  7 rats
65 creatures vanquished.

Notes
Turn   | Place    | Note
-------+----------+-------------------------------------------
     0 | D:1      | grindst0ne the Ghoul Monk began the quest for the Orb.
     0 | D:1      | Reached XP level 1. HP: 19/19 MP: 0/0
   331 | D:1      | Reached XP level 2. HP: 26/26 MP: 1/1
   991 | D:2      | Reached skill level 1 in Armour
  1056 | D:2      | Reached XP level 3. HP: 24/32 MP: 2/2
  1103 | D:2      | Found a faded altar of an unknown god.
  1457 | D:2      | Reached skill level 1 in Shields
  1457 | D:2      | Reached XP level 4. HP: 38/40 MP: 3/3
  1832 | D:3      | Found a runed translucent gate.
  1832 | D:3      | Found a runed translucent gate.
  1832 | D:3      | Found a runed translucent gate.
  1835 | D:3      | Noticed Skimidon's ghost (amateur MiFi)
  2057 | D:3      | Reached XP level 5. HP: 42/46 MP: 4/4
  2636 | D:3      | Found a roughly hewn altar of Beogh.
  2735 | D:4      | You fall into a shaft and drop 3 floors!
  2736 | D:7      | Noticed an ice beast
  2757 | D:6      | Killed an ice beast
  2757 | D:6      | Reached XP level 6. HP: 27/53 MP: 5/5
  2909 | D:6      | Found a stormy altar of Qazlal.
  2953 | D:6      | Noticed Edmund
  3006 | D:6      | Killed Edmund
  3006 | D:6      | Reached skill level 5 in Fighting
  3006 | D:6      | Reached skill level 5 in Unarmed Combat
  3176 | D:6      | Reached XP level 7. HP: 58/61 MP: 6/6
  3279 | D:6      | Slain by an orc warrior

Illustrated notes

Levels and vault maps discovered:
D:1:      matt_arrival_refuge, layout_loops_cross, minmay_worlds_worst_comb
D:2:      layout_basic, first_ration, chequers_ecumenical_altar_simple_redux
D:3:      layout_loops_ring, biasface_ghost_orc_armoury
D:4:      layout_rooms, ebering_ghost_sewer_d, kennysheep_small_spiral,
          nemelex_xobeh_ov_fountains_minmay, uniq_duvessa
D:6:      layout_basic, grunt_qazlal_clouds, minmay_temple_entry_stoned_glass,
          uniq_edmund
D:7:      layout_basic, vehumet_altar_wand_db

Skill      XL: |  1  2  3  4  5  6 |
---------------+-------------------+-----
Armour         | 1 2 3 |  3.1
Fighting       | 4 5 |  5.2
Shields        | 1 2 |  2.8
Unarmed Combat | 4 5 |  5.2
Dodging        | |  2.6
Stealth        | |  2.1

Action                   |  1- 3 |  4- 6 |  7- 9 || total
-------------------------+-------+-------+-------++-------
Melee: Unarmed           |   102 |   163 |    37 ||   302
Throw: Boomerang         |     1 |     5 |     2 ||     8
  Use: Potion            |       |     5 |     3 ||     8
 Stab: Sleeping          |     6 |       |       ||     6
  Eat: Chunk             |     3 |     4 |       ||     7
Armor: Robe              |    16 |       |       ||    16
       Chain mail        |    27 |    68 |     6 ||   101
Dodge: Dodged            |    51 |    41 |     8 ||   100
Block: Buckler           |     3 |    17 |     5 ||    25
